SKY
SAN FRANCISCO GIANTS @ SAN DIEGO PADRES
08/08/2052
 
TOP OF THE 1ST
San Francisco Giants batting - Pitching for San Diego Padres : RHP Kolter Sarkesian
Pitching: RHP Kolter Sarkesian
Batting: RHB Kaiden Clackum 0-0: Foul Ball, location: 3F
0-1: Called Strike
0-2: Ball
1-2: Ball
2-2: Foul Ball, location: 2F
2-2: Ground out 6-3 (Groundball, 6, EV 105.6 MPH)
Batting: LHB Jeff Edelman 0-0: Called Strike
0-1: Fly out, F4 (Popup, 4, EV 72.5 MPH)
Batting: RHB Theodore Phu 0-0: Ball
1-0: Ball
2-0: Ball
3-0: Foul Ball, location: 5FF
3-1: Swinging Strike
3-2: Strikes out swinging
Top of the 1st over - 0 runs, 0 hits, 0 errors, 0 left on base; San Francisco 0 - San Diego 0
BOTTOM OF THE 1ST
San Diego Padres batting - Pitching for San Francisco Giants : RHP Silvano Liano
Pitching: RHP Silvano Liano
Batting: LHB Burl Shearer 0-0: Called Strike
0-1: Ball
1-1: Ball
2-1: SINGLE (Groundball, 6, EV 106.9 MPH) (infield hit)
Batting: RHB Silvio Sevilla 0-0: Bunt missed!
0-1: Ball
Burl Shearer steals 2nd base
1-1: Bunt missed!
1-2: Strikes out swinging
Batting: LHB Lester Flores 0-0: Ball
1-0: Called Strike
1-1: Ball
2-1: Foul Ball, location: 2F
2-2: Ground out 4-3 (Groundball, 34, EV 99.4 MPH)
Burl Shearer to third
Batting: RHB Crow Trottier 0-0: Ball
1-0: Foul Ball, location: 5F
1-1: Foul Ball, location: 23F
1-2: Strikes out swinging
Bottom of the 1st over - 0 runs, 1 hit, 0 errors, 1 left on base; San Francisco 0 - San Diego 0
TOP OF THE 2ND
San Francisco Giants batting - Pitching for San Diego Padres : RHP Kolter Sarkesian
Batting: RHB Jackson Maul 0-0: Foul Ball, location: 2F
0-1: SINGLE (Groundball, 34D, EV 94.4 MPH)
Batting: RHB Zavier Austin 0-0: Called Strike
0-1: Called Strike
0-2: Strikes out swinging
Batting: RHB Rhett Damewood 0-0: Ball
1-0: SINGLE (Line Drive, 5D, EV 95.6 MPH)
Jackson Maul to second
Batting: LHB Ray Gettelfinger 0-0: Swinging Strike
0-1: Ball
1-1: Ground out 6-3 (Groundball, 6MS, EV 78.8 MPH)
Jackson Maul to third
Rhett Damewood to second
Batting: RHB Brian Dowse 0-0: Called Strike
0-1: Fly out, F7 (Flyball, 78S, EV 96.9 MPH)
Top of the 2nd over - 0 runs, 2 hits, 0 errors, 2 left on base; San Francisco 0 - San Diego 0
BOTTOM OF THE 2ND
San Diego Padres batting - Pitching for San Francisco Giants : RHP Silvano Liano
Batting: SHB Dexter Greer 0-0: SINGLE (Groundball, 6MD, EV 105.0 MPH)
Batting: RHB Trinidad Apodaca 0-0: Foul Ball, location: 5F
0-1: Bunted foul
0-2: Fly out, F4 (Popup, 4M, EV 42.5 MPH)
Batting: RHB Des Galindo 0-0: Foul Ball, location: 2F
0-1: Ball
1-1: Foul Ball, location: 9LMF
1-2: Strikes out swinging
Batting: RHB Rudy Hughes 0-0: Ball
1-0: Fly out, F3 (Popup, 34, EV 77.5 MPH)
Bottom of the 2nd over - 0 runs, 1 hit, 0 errors, 1 left on base; San Francisco 0 - San Diego 0
TOP OF THE 3RD
San Francisco Giants batting - Pitching for San Diego Padres : RHP Kolter Sarkesian
Batting: RHB Sebastian Schleusner 0-0: Ball
1-0: Swinging Strike
1-1: Fly out, F8 (Flyball, 8RM, EV 89.4 MPH)
Batting: RHB Kaiden Clackum 0-0: Called Strike
0-1: Foul Ball, location: 9LSF
0-2: Ball
1-2: Ball
2-2: SINGLE (Groundball, 56D, EV 105.0 MPH)
Batting: LHB Jeff Edelman 0-0: Ball
1-0: Called Strike
1-1: Grounds into double play, 4-6-3 (Groundball, 34, EV 90.6 MPH)
Top of the 3rd over - 0 runs, 1 hit, 0 errors, 0 left on base; San Francisco 0 - San Diego 0
BOTTOM OF THE 3RD
San Diego Padres batting - Pitching for San Francisco Giants : RHP Silvano Liano
Batting: RHB Josiah Henderson 0-0: Ball
1-0: Foul Ball, location: 7LMF
1-1: Called Strike
1-2: Ball
2-2: Strikes out swinging
Batting: LHB Burl Shearer 0-0: Ball
1-0: Ball
2-0: Ground out U3 (Groundball, 3, EV 106.9 MPH)
Batting: RHB Silvio Sevilla 0-0: Called Strike
0-1: Swinging Strike
0-2: Ball
1-2: Strikes out swinging
Bottom of the 3rd over - 0 runs, 0 hits, 0 errors, 0 left on base; San Francisco 0 - San Diego 0
TOP OF THE 4TH
San Francisco Giants batting - Pitching for San Diego Padres : RHP Kolter Sarkesian
Batting: RHB Theodore Phu 0-0: Swinging Strike
0-1: Swinging Strike
0-2: Foul Ball, location: 3F
0-2: Ball
1-2: SINGLE (Line Drive, 4MD, EV 94.4 MPH)
Batting: RHB Jackson Maul 0-0: Ball
1-0: Called Strike
1-1: Foul Ball, location: 2F
1-2: Grounds into double play, 6-4-3 (Groundball, 6, EV 88.1 MPH)
Batting: RHB Zavier Austin 0-0: Called Strike
0-1: Ball
1-1: Swinging Strike
1-2: Foul Ball, location: 2F
1-2: Ball
2-2: Ball
3-2: Foul Ball, location: 5F
3-2: Foul Ball, location: 3DF
3-2: Ground out 6-3 (Groundball, 6, EV 77.5 MPH)
Top of the 4th over - 0 runs, 1 hit, 0 errors, 0 left on base; San Francisco 0 - San Diego 0
BOTTOM OF THE 4TH
San Diego Padres batting - Pitching for San Francisco Giants : RHP Silvano Liano
Batting: LHB Lester Flores 0-0: Foul Ball, location: 9LMFF
0-1: Ground out U3 (Groundball, 3, EV 100.6 MPH)
Batting: RHB Crow Trottier 0-0: Ball
1-0: Foul Ball, location: 3F
1-1: Ball
2-1: Ground out 6-3 (Groundball, 4M, EV 101.3 MPH)
Batting: SHB Dexter Greer 0-0: Ball
1-0: SINGLE (Line Drive, 89S, EV 99.4 MPH)
Batting: RHB Trinidad Apodaca 0-0: Called Strike
0-1: Ball
1-1: Ball
2-1: Fielders Choice at 2nd, 6-4 (Groundball, 56, EV 78.1 MPH)
Bottom of the 4th over - 0 runs, 1 hit, 0 errors, 1 left on base; San Francisco 0 - San Diego 0
TOP OF THE 5TH
San Francisco Giants batting - Pitching for San Diego Padres : RHP Kolter Sarkesian
Batting: RHB Rhett Damewood 0-0: Ball
1-0: Called Strike
1-1: DOUBLE (Line Drive, 9LS, EV 107.5 MPH)
Batting: LHB Ray Gettelfinger 0-0: Ball
1-0: Sac Bunt to 13 - play at first, batter OUT! 1-4
Rhett Damewood to third
Batting: RHB Brian Dowse 0-0: Ball
1-0: Ball
2-0: Ground out 5-3 (Groundball, 5S, EV 67.5 MPH)
Batting: RHB Sebastian Schleusner 0-0: Ball
1-0: Foul Ball, location: 9LDF
1-1: Called Strike
1-2: Ball
2-2: Ball
3-2: Strikes out swinging, 2-3 out at first.
Top of the 5th over - 0 runs, 1 hit, 0 errors, 1 left on base; San Francisco 0 - San Diego 0
BOTTOM OF THE 5TH
San Diego Padres batting - Pitching for San Francisco Giants : RHP Silvano Liano
Batting: RHB Des Galindo 0-0: Ball
1-0: Called Strike
1-1: DOUBLE (Flyball, 8LD, EV 99.4 MPH)
Batting: RHB Rudy Hughes 0-0: Foul Ball, location: 23FF
0-1: Swinging Strike
0-2: Foul Ball, location: 2F
0-2: Strikes out swinging, 2-3 out at first.
Batting: RHB Josiah Henderson 0-0: Swinging Strike
0-1: Foul Ball, location: 2F
0-2: Ball
1-2: Strikes out swinging
Batting: LHB Burl Shearer 0-0: Ball
1-0: Ground out 5-3 (Groundball, 6S, EV 68.1 MPH)
Bottom of the 5th over - 0 runs, 1 hit, 0 errors, 1 left on base; San Francisco 0 - San Diego 0
TOP OF THE 6TH
San Francisco Giants batting - Pitching for San Diego Padres : RHP Kolter Sarkesian
Batting: RHB Kaiden Clackum 0-0: Ball
1-0: Ground out 6-3 (Groundball, 6, EV 91.9 MPH)
Batting: LHB Jeff Edelman 0-0: Ball
1-0: Ball
2-0: Ball
3-0: Called Strike
3-1: Fly out, F8 (Flyball, 8LD, EV 102.5 MPH)
Batting: RHB Theodore Phu 0-0: Swinging Strike
0-1: Swinging Strike
0-2: Ball
1-2: Foul Ball, location: 25FF
1-2: Foul Ball, location: 3FF
1-2: Foul Ball, location: 3F
1-2: Foul Ball, location: 5F
1-2: Foul Ball, location: 2RF
1-2: Strikes out swinging
Top of the 6th over - 0 runs, 0 hits, 0 errors, 0 left on base; San Francisco 0 - San Diego 0
BOTTOM OF THE 6TH
San Diego Padres batting - Pitching for San Francisco Giants : RHP Silvano Liano
Batting: RHB Silvio Sevilla 0-0: Called Strike
0-1: Foul Ball, location: 9LSF
0-2: Foul Ball, location: 2F
0-2: Foul Ball, location: 2F
0-2: Ball
1-2: Ball
2-2: Ball
3-2: Ground out 3-1 (Groundball, 34, EV 80.6 MPH)
Batting: LHB Lester Flores 0-0: Ball
1-0: Fly out, F8 (Flyball, 8LM, EV 76.9 MPH)
Batting: RHB Crow Trottier 0-0: Swinging Strike
0-1: SINGLE (Line Drive, 9S, EV 104.4 MPH)
Batting: SHB Dexter Greer 0-0: Called Strike
Crow Trottier steals 2nd base
0-1: Ball
1-1: Called Strike
1-2: Fly out, F8 (Line Drive, 8RD, EV 108.1 MPH)
Bottom of the 6th over - 0 runs, 1 hit, 0 errors, 1 left on base; San Francisco 0 - San Diego 0
TOP OF THE 7TH
San Francisco Giants batting - Pitching for San Diego Padres : RHP Kolter Sarkesian
Batting: RHB Jackson Maul 0-0: Ball
1-0: Called Strike
1-1: Ball
2-1: Ball
3-1: Fly out, F5 (Line Drive, 56D, EV 68.1 MPH)
Batting: RHB Zavier Austin 0-0: Called Strike
0-1: Swinging Strike
0-2: Ball
1-2: Hit by Pitch
Batting: RHB Rhett Damewood 0-0: Ball
1-0: Called Strike
1-1: Ball
2-1: Swinging Strike
2-2: Ball
3-2: Fly out, F9 (Flyball, 9, EV 93.1 MPH)
Batting: LHB Ray Gettelfinger 0-0: Called Strike
0-1: Ball
1-1: Foul Ball, location: 2F
1-2: Ground out U3 (Groundball, 3, EV 88.1 MPH)
Top of the 7th over - 0 runs, 0 hits, 0 errors, 1 left on base; San Francisco 0 - San Diego 0
BOTTOM OF THE 7TH
San Diego Padres batting - Pitching for San Francisco Giants : RHP Silvano Liano
Batting: RHB Trinidad Apodaca 0-0: Foul Ball, location: 5F
0-1: Ball
1-1: Foul Ball, location: 23F
1-2: Strikes out looking
Batting: RHB Des Galindo 0-0: Called Strike
0-1: Called Strike
0-2: Foul Ball, location: 7LSF
0-2: Strikes out looking
Batting: RHB Rudy Hughes 0-0: Foul Ball, location: 9LDF
0-1: Ball
1-1: Ball
2-1: Foul Ball, location: 23F
2-2: Foul Ball, location: 5F
2-2: Hit by Pitch
Batting: RHB Josiah Henderson 0-0: SINGLE (Groundball, 6MD, EV 98.1 MPH)
Rudy Hughes to second
Batting: LHB Burl Shearer 0-0: Called Strike
0-1: Ball
1-1: Ball
2-1: SINGLE (Groundball, 56, EV 102.5 MPH)
Rudy Hughes to third
Josiah Henderson to second
Runner from 3rd tries for Home, SAFE, throw by LF to home
Pitching: RHP Luther Diamond
Batting: RHB Silvio Sevilla 0-0: Ball
1-0: SINGLE (Line Drive, 78S, EV 86.9 MPH)
Josiah Henderson to third
Burl Shearer to second
Runner from 3rd tries for Home, SAFE, throw by LF to home
Batting: LHB Lester Flores 0-0: Ball
1-0: SINGLE (Groundball, 6MD, EV 110.0 MPH)
Burl Shearer to third
Silvio Sevilla to second
Runner from 3rd tries for Home, SAFE, throw by CF to home
Batting: RHB Crow Trottier 0-0: Ball
1-0: Called Strike
1-1: Ball
2-1: Foul Ball, location: 9LSF
2-2: Ball
3-2: Foul Ball, location: 2F
3-2: Strikes out swinging
Bottom of the 7th over - 3 runs, 4 hits, 0 errors, 2 left on base; San Francisco 0 - San Diego 3
TOP OF THE 8TH
San Francisco Giants batting - Pitching for San Diego Padres : RHP Kolter Sarkesian
Pitching: RHP Diego Morales
Batting: RHB Brian Dowse 0-0: Called Strike
0-1: Fly out, F8 (Flyball, 8RD, EV 105.6 MPH)
Batting: RHB Sebastian Schleusner 0-0: Ball
1-0: Swinging Strike
1-1: Called Strike
1-2: Foul Ball, location: 2F
1-2: Foul Ball, location: 7LMF
1-2: SINGLE (Line Drive, 7S, EV 87.5 MPH)
Batting: RHB Kaiden Clackum 0-0: Fly out, F8 (Line Drive, 8LM, EV 102.5 MPH)
Batting: LHB Jeff Edelman 0-0: Foul Ball, location: 25F
0-1: Fly out, F7 (Flyball, 78M, EV 83.8 MPH)
Top of the 8th over - 0 runs, 1 hit, 0 errors, 1 left on base; San Francisco 0 - San Diego 3
BOTTOM OF THE 8TH
San Diego Padres batting - Pitching for San Francisco Giants : RHP Luther Diamond
Batting: SHB Dexter Greer 0-0: Called Strike
0-1: Ball
1-1: Called Strike
1-2: Foul Ball, location: 5F
1-2: SINGLE (Line Drive, 9LS, EV 105.0 MPH)
Batting: RHB Trinidad Apodaca 0-0: Foul Ball, location: 2F
0-1: Foul Ball, location: 2F
0-2: Strikes out swinging
Batting: RHB Des Galindo 0-0: Called Strike
0-1: SINGLE (Line Drive, 4MD, EV 108.8 MPH)
Dexter Greer to second
Batting: RHB Rudy Hughes 0-0: Ball
Dexter Greer steals 3rd base
Des Galindo to second
1-0: Called Strike
1-1: Fielders Choice at home, 5-2 (Groundball, 56S, EV 71.9 MPH)
Des Galindo to third
Batting: RHB Josiah Henderson 0-0: Called Strike
0-1: Ball
1-1: Swinging Strike
1-2: Foul Ball, location: 2LF
1-2: Strikes out looking
Bottom of the 8th over - 0 runs, 2 hits, 0 errors, 2 left on base; San Francisco 0 - San Diego 3
TOP OF THE 9TH
San Francisco Giants batting - Pitching for San Diego Padres : RHP Diego Morales
Pitching: RHP Jake Laviolette
Batting: RHB Theodore Phu 0-0: Ball
1-0: Ball
2-0: SOLO HOME RUN (Flyball, 9D, EV 100.6 MPH), Distance : 392 ft
Batting: RHB Jackson Maul 0-0: Ball
1-0: Ball
2-0: Ground out 6-3 (Groundball, 6, EV 90.0 MPH)
Batting: RHB Zavier Austin 0-0: Ball
1-0: Ball
2-0: Called Strike
2-1: Ball
3-1: Foul Ball, location: 2F
3-2: Strikes out looking
Batting: RHB Rhett Damewood 0-0: Swinging Strike
0-1: Fly out, F8 (Flyball, 8LXD, EV 78.8 MPH)
Top of the 9th over - 1 run, 1 hit, 0 errors, 0 left on base; San Francisco 1 - San Diego 3
Thursday, May 2nd , 2024 - OOTP Baseball 24.11 Build 85